 Dungeon Crawl Stone Soup version 0.18-a0-1273-g8ec5f8e (webtiles) character file.

991 M4edhros the Sneak (level 8, -1/48 HPs)
             Began as an Octopode Artificer on Feb 8, 2016.
             Killed from afar by an orc wizard (9 damage)
             ... with a magic dart
             ... on level 6 of the Dungeon.
             The game lasted 00:10:57 (8621 turns).

M4edhros the Sneak (Octopode Artificer)             Turns: 8621, Time: 00:10:57

Health: -1/48      AC:  3    Str:  7 (8)  XL:     8   Next: 18%
Magic:  12/12      EV: 14    Int: 15      God:    Xom [*.....]
Gold:   294        SH:  0    Dex: 10      Spells: 0 memorised, 7 levels left

rFire  . . .     SeeInvis .     M - +1 spear (chaos)
rCold  . . .     Gourm    .     (no shield)
rNeg   . . .     Faith    .     (helmet restricted)
rPois  .         Spirit   .     i - amulet of rage
rElec  .         Dismiss  .     E - +5 ring of protection
rCorr  .         Reflect  .     G - ring of wizardry
SustAt .         Harm     .     a - -3 ring of protection (curse)
MR     .....                    (no ring)
Stlth  +++++.....               (no ring)
                                (no ring)
                                (no ring)
                                (no ring)

@: not resistant to hostile enchantments, quite stealthy
A: almost no armour, amphibious, 8 rings, constrict 8, camouflage 1, blurry
vision 1, clumsy 1, deterioration 1, dopey 1, weak 1, gelatinous body 1, no
device heal 1
a: Renounce Religion, Evoke Berserk Rage


You were on level 6 of the Dungeon.
You worshipped Xom.
You were a special plaything of Xom.
You were very hungry.

You visited 2 branches of the dungeon, and saw 7 of its levels.
You also visited: Sewer.

You collected 294 gold pieces.

Inventory:

Hand Weapons
 n - a +2 short sword of speed
 M - a +1 spear of chaos (weapon)
Missiles
 k - 188 stones (quivered)
 v - 8 javelins
Jewellery
 a - a cursed -3 ring of protection (on tentacle)
 i - an amulet of rage (around mantle)
 E - a +5 ring of protection (left tentacle)
 G - a ring of wizardry (right tentacle)
Wands
 b - a wand of flame (12/48)
 c - a wand of enslavement (13/24)
 d - a wand of random effects (12/48)
 K - a wand of lightning (3/15)
Scrolls
 h - 5 scrolls of identify
 s - 3 scrolls of enchant armour
 t - 2 scrolls of blinking
 u - a scroll of fear
 y - 3 scrolls of amnesia
 A - a scroll of immolation {unknown}
 B - 4 scrolls of teleportation {unknown}
 F - a scroll of recharging {unknown}
 I - a scroll of fog {unknown}
 J - a scroll of remove curse {unknown}
Potions
 e - 6 potions of flight {unknown}
 g - 2 potions of magic {unknown}
 j - 3 potions of might {unknown}
 l - 3 potions of degeneration {unknown}
 m - a potion of cure mutation {unknown}
 p - a potion of heal wounds {unknown}
 q - 3 potions of haste {unknown}
 r - 2 potions of mutation {unknown}
 w - 2 potions of invisibility {unknown}
 x - 5 potions of agility {unknown}
 z - 2 potions of curing {unknown}
 C - 2 potions of lignification {unknown}
 D - 2 potions of berserk rage {unknown}
Comestibles
 f - 6 bread rations
 o - 2 meat rations
 H - 3 royal jellies
 L - 2 fruits


   Skills:
 + Level 1.0 Fighting
 - Level 1.0 Short Blades
 * Level 6.4 Dodging
 * Level 7.9 Stealth
 + Level 5.4 Evocations


You had 7 spell levels left.
You didn't know any spells.

Dungeon Overview and Level Annotations

Branches:
Dungeon (6/15)             Temple (1/1) D:5

Altars:
Cheibriados
Dithmenos
Elyvilon
Fedhas
Gozag
Kikubaaqudgha
Makhleb
Nemelex Xobeh
Okawaru
Pakellas
Ru
Sif Muna
Xom
The Shining One

Shops:
D:4 [   D:5 !


Innate Abilities, Weirdness & Mutations

You cannot wear most types of armour.
You are amphibious.
You can wear up to eight rings at the same time.
You can use your tentacles to constrict eight enemies at once.
Your skin changes colour to match your surroundings (Stealth).
Your rubbery body absorbs attacks (AC +1).
Scrolls take you a little longer to read.
You are clumsy. (Dex -2)
Your body sometimes deteriorates upon taking damage.
You are dopey. (Int -2)
You are weak. (Str -2)
Potions and wands are less effective at restoring your health.


Message History

The orc wizard seems to speed up.
What do you say? t - Shout!
Orders for allies: a - Attack new target. r - Retreat! s - Stop attacking. w - Wait here. f - Follow me.
Anything else - Stay silent.
Wait here!
The orc wizard hits your iguana with a dagger.
Your iguana barely misses the orc wizard.
The orc wizard closely misses your iguana.
The orc wizard casts a spell at you. The magic dart hits you!
* * * LOW HITPOINT WARNING * * *
The orc wizard points at you and mumbles some strange words.
The puff of frost hits you!
* * * LOW HITPOINT WARNING * * *
The orc wizard gestures at you while chanting.
The magic dart hits you!
You die...

###.......ยงยง######....##
..'.....................
###.....########.#..#.#.
##........# #.#....#.
#........# #.#..#)..
#........# #.#......
#........# #.#####..
#........# #........
#...@....# #########.
#........# #.........
..###........# #.###.<.#.
.............# #.#####.##
........###o.###.......#
.......#l..#...#########
......###o###......#
.......#.o.#.......#
.......o###........#


You could see an orc wizard.

Vanquished Creatures
  2 ogres
  A phantom (D:5)
  A centaur (D:4)
  A crimson imp (D:5)
  A quasit (D:2)
  3 centaur skeletons
  An orc priest (D:6)
  A giant frog skeleton (D:4)
  Ijyb (D:2)
  5 worker ants
  A hound skeleton (D:3)
  4 gnolls (D:3)
  11 adders
  A shadow imp (D:5)
  5 oozes
  4 worms
  8 giant geckos
  8 orcs
  2 ball pythons
  6 bats
  12 giant cockroaches
  6 goblins
  5 hobgoblins
  15 jackals
  A quokka (D:4)
  7 giant newts
  6 kobolds
  A quokka zombie (D:5)
  9 rats
129 creatures vanquished.

Vanquished Creatures (collateral kills)
  A goblin (D:2)
1 creature vanquished.

Grand Total: 130 creatures vanquished

Notes
Turn   | Place    | Note
--------------------------------------------------------------
     0 | D:1      | M4edhros the Octopode Artificer began the quest for the Orb.
     0 | D:1      | Reached XP level 1. HP: 13/13 MP: 3/3
   316 | D:1      | Reached XP level 2. HP: 11/18 MP: 4/4
  1106 | D:2      | Reached XP level 3. HP: 17/23 MP: 5/5
  1553 | D:4      | Reached XP level 4. HP: 15/28 MP: 6/6
  2249 | D:4      | Noticed a centaur
  2267 | D:4      | Killed a centaur
  2267 | D:4      | Reached skill level 4 in Dodging
  2267 | D:4      | Reached XP level 5. HP: 15/33 MP: 6/8
  2508 | D:4      | Reached XP level 6. HP: 38/38 MP: 9/9
  2596 | D:4      | Found Butan's Armour Boutique.
  2661 | D:5      | Entered Level 5 of the Dungeon
  2668 | D:5      | Reached skill level 5 in Stealth
  2729 | D:5      | Found a glowing drain.
  2780 | D:5      | Found an iron altar of Okawaru.
  2866 | D:5      | Found Saimm's Distillery.
  2953 | D:5      | Found a staircase to the Ecumenical Temple.
  2974 | Temple   | Entered the Ecumenical Temple
  3225 | Sewer    | Entered a sewer
  3580 | Sewer    | Reached skill level 5 in Dodging
  3720 | D:5      | Reached skill level 6 in Stealth
  3731 | D:5      | Reached XP level 7. HP: 43/43 MP: 10/10
  3998 | D:2      | Noticed Ijyb
  4009 | D:2      | Killed Ijyb
  4965 | D:3      | Found a shimmering altar of Xom.
  4996 | D:3      | Became a worshipper of Xom of Chaos
  5045 | D:3      | XOM: divination: detect items
  5149 | D:3      | XOM: divination: detect items
  5519 | D:3      | XOM: give mutations
  5519 | D:3      | Gained mutation: You are agile. (Dex +2) [Xom's mischief]
  5519 | D:3      | Gained mutation: You are frail (-10% HP). [Xom's mischief]
  5519 | D:3      | Gained mutation: Potions and wands are less effective at restoring your health. [Xom's mischief]
  5519 | D:3      | Gained mutation: You are dopey. (Int -2) [Xom's mischief]
  6178 | D:3      | XOM: medium Hex miscast
  6263 | D:3      | XOM: mild Divn miscast
  6701 | D:3      | XOM: silly message
  6850 | D:3      | XOM: scenery: 1 doors open, 1 doors close
  6859 | D:3      | XOM: mild Divn miscast
  6956 | D:4      | Reached skill level 7 in Stealth
  6956 | D:4      | Reached skill level 5 in Evocations
  6965 | D:4      | XOM: colour smoke trail
  6996 | D:4      | XOM: give mutations
  6996 | D:4      | Gained mutation: You are weak. (Str -2) [Xom's mischief]
  6996 | D:4      | Gained mutation: You are very dopey. (Int -4) [Xom's mischief]
  6996 | D:4      | Gained mutation: Your body sometimes deteriorates upon taking damage. [Xom's mischief]
  6996 | D:4      | Lost mutation: Your body sometimes deteriorates upon taking damage. [Xom's mischief]
  7013 | D:4      | XOM: give mutation
  7013 | D:4      | Lost mutation: You are frail (-10% HP). [Xom's mischief]
  7081 | D:4      | XOM: give mutation
  7081 | D:4      | Gained mutation: You are very weak. (Str -4) [Xom's mischief]
  7535 | D:5      | XOM: blink monster(s)
  7710 | D:5      | XOM: noise
  7950 | D:5      | XOM: stat loss: -1 Int (12/13)
  8102 | D:6      | XOM: butterfly on damage
  8105 | D:6      | XOM: noise
  8110 | D:6      | Found an opulent altar of Gozag.
  8122 | D:6      | XOM: give mutations
  8122 | D:6      | Lost mutation: You are agile. (Dex +2) [Xom's mischief]
  8122 | D:6      | Lost mutation: You are very weak. (Str -4) [Xom's mischief]
  8122 | D:6      | Gained mutation: Scrolls take you a little longer to read. [Xom's mischief]
  8122 | D:6      | Lost mutation: You are very dopey. (Int -4) [Xom's mischief]
  8131 | D:6      | Reached XP level 8. HP: 27/48 MP: 11/11
  8168 | D:6      | XOM: give mutations
  8168 | D:6      | Gained mutation: You occasionally shout uncontrollably at your foes. [Xom's mischief]
  8168 | D:6      | Gained mutation: Your body sometimes deteriorates upon taking damage. [Xom's mischief]
  8168 | D:6      | Gained mutation: You are clumsy. (Dex -2) [Xom's mischief]
  8168 | D:6      | Lost mutation: You occasionally shout uncontrollably at your foes. [Xom's mischief]
  8285 | D:6      | Found a shadowy altar of Dithmenos.
  8488 | D:6      | XOM: mild Trmt miscast
  8563 | D:6      | Found an oddly glowing altar of Pakellas.
  8621 | D:6      | Killed from afar by an orc wizard

Vault maps used:
D:1:      mrwooster_arrival_statue_2
D:2:      uniq_iyjb
D:3:      tgw_xom, first_bread, grunt_ministairs_5
D:4:      serial_shops, nicolae_shop_trees
D:5:      lemuel_doored_altar, temple_fountains, serial_shops,
          nicolae_shop_trees, lightli_sewer_entry_pipes
D:6:      nicolae_gozag_seed_capital, grunt_dithmenos_smoke,
          grunt_pakellas_salt, uniq_prince_ribbit1
Temple:   roderic_octagonal_lattice_temple
Sewer:    sewer_fruit_machine

Action                   |  1- 3 |  4- 6 |  7- 9 || total
-------------------------+-------+-------+-------++-------
Melee: Short sword       |    77 |   126 |    46 ||   249
       Spear             |       |       |   112 ||   112
Evoke: Wand              |     3 |     2 |     5 ||    10
  Use: Scroll            |       |       |     4 ||     4
 Stab: Sleeping          |     4 |    22 |     7 ||    33
       Distracted        |       |     1 |     4 ||     5
       Paralysed         |       |       |     3 ||     3
       Confused          |       |       |     1 ||     1
  Eat: Chunk             |     2 |     7 |    12 ||    21
       Beef jerky        |       |       |     1 ||     1
